Map: Jagannatha LE

Players

ViBE

  • Race: Zerg Zerg
  • League: Bronze
  • Spawn Location: 7:00

belayzee - Winner!

  • Race: Zerg Zerg
  • League: Silver
  • Spawn Location: 1:00

VOD

https://www.youtube.com/watch?v=VjhJ7E-kFgw&list=PLFeZeom2b4DnD3FIu7pzkXl51JX_WWz2h&index=2

Description

Time

  • Played on: March 10, 2021, 11:53 p.m.
  • Length: 9:05
Show
View Real Time Build Order
Export as new Build Order

ViBE Zerg 

Build Orders: Hatch First 

Get SALT Encoding   

  12  0:01  Drone  
  13  0:16  Overlord  
  13  0:21  Drone  
  14  0:41  Drone  
  14  0:42  Drone x2  
  17  1:04  Hatchery  
  16  1:13  Drone x2  
  18  1:24  Spawning Pool  
  17  1:38  Drone x3  
  20  1:46  Extractor  
  19  2:16  Queen  
  19  2:17  Queen  
  19  2:22  Drone x4  
  27  2:31  Overlord  
  27  2:36  Overlord  
  27  2:56  Zergling x2  
  27  2:57  Zergling x6  
  27  2:58  Queen x2  
  29  3:07  Zergling x4  
  30  3:21  Drone  
  30  3:22  Drone x2  
  33  3:28  Drone  
  33  3:29  Drone x3  
  33  3:30  Drone  
  37  3:37  Lair  
  35  3:43  Roach Warren  
  35  3:46  Drone x2  
  36  3:52  Evolution Chamber  
  35  4:01  Drone x3  
  38  4:08  Drone x4  
  39  4:14  Drone  
  39  4:15  Drone x3  
  36  4:24  Drone  
  36  4:25  Drone  
  36  4:36  Glial Reconstitution  
  36  4:40  Zerg Missile Weapons Level 1  
  36  4:41  Overlord  
  36  4:42  Overlord  
  36  4:43  Drone x2  
  36  4:44  Drone  
  39  4:49  Extractor  
  39  4:50  Extractor  
  37  4:53  Drone  
  37  4:54  Drone x3  
  41  5:08  Drone x3  
  41  5:11  Drone  
  41  5:14  Roach x3  
  51  5:24  Queen  
  51  5:26  Drone  
  54  5:32  Overlord  
  54  5:37  Roach x2  
  54  5:40  Hatchery  
  54  5:41  Roach  
  59  5:51  Overlord x3  
  59  5:53  Drone  
  59  5:54  Drone x2  
  62  6:05  Drone x4  
  62  6:10  Queen  
  68  6:20  Drone  
  68  6:21  Drone x4  
  71  6:43  Roach  
  71  6:44  Roach x4  
  80  7:00  Drone x8  
  82  7:09  Overlord x2  
  82  7:18  Hydralisk Den  
  82  7:19  Extractor  
  82  7:21  Extractor  
  82  7:22  Roach x3  
  85  7:26  Roach x7  
  85  7:27  Roach  
  93  7:33  Roach  
  79  7:38  Roach x2  
  79  7:41  Roach  
  75  7:49  Roach  
  75  7:53  Roach x4  
  78  8:01  Roach x4  
  78  8:05  Roach  
  62  8:13  Roach  
  46  8:21  Roach  
  46  8:22  Roach x2  
  46  8:24  Roach x2  
  45  8:28  Roach  
Show
View Real Time Build Order
Export as new Build Order

belayzee Zerg - Winner!

Build Orders: Hatch First 

Get SALT Encoding   

  12  0:02  Drone  
  13  0:12  Overlord  
  13  0:16  Drone  
  14  0:31  Drone x2  
  16  0:52  Hatchery  
  16  0:53  Drone  
  16  0:56  Drone  
  17  1:01  Extractor  
  16  1:14  Spawning Pool  
  16  1:16  Drone  
  16  1:20  Drone  
  16  1:24  Drone  
  18  1:29  Drone  
  19  2:01  Zergling x6  
  19  2:03  Queen x2  
  26  2:11  Metabolic Boost  
  26  2:16  Overlord  
  26  2:19  Zergling x2  
  27  2:24  Drone  
  28  2:35  Drone  
  28  2:36  Baneling Nest  
  28  2:37  Drone x2  
  28  2:42  Zergling x2  
  31  2:47  Zergling x2  
  30  3:22  Zergling x4  
  30  3:23  Zergling x6  
  30  3:24  Overlord x2  
  34  3:40  Drone x2  
  36  3:41  Overlord  
  36  3:51  Overlord  
  36  3:53  Drone x2  
  36  3:54  Drone  
  39  3:56  Zergling x4  
  39  3:57  Zergling x2  
  42  4:04  Roach Warren  
  34  4:24  Drone x3  
  34  4:25  Extractor  
  35  4:36  Drone x2, Evolution Chamber  
  35  4:37  Lair, Hatchery  
  35  4:39  Drone x3  
  35  4:44  Roach  
  40  4:47  Roach  
  40  4:50  Roach  
  44  4:56  Roach  
  44  4:57  Roach  
  48  5:00  Roach  
  48  5:06  Zerg Ground Armor Level 1  
  50  5:10  Roach  
  50  5:12  Roach  
  54  5:16  Roach  
  54  5:20  Roach  
  58  5:23  Overlord  
  58  5:25  Drone  
  58  5:27  Drone  
  60  5:29  Drone  
  60  5:31  Drone  
  60  5:33  Drone  
  63  5:38  Glial Reconstitution  
  63  5:43  Roach  
  63  5:48  Roach  
  67  5:53  Zergling x4  
  67  5:54  Zergling x6  
  72  5:58  Drone  
  73  6:07  Zergling x6  
  73  6:09  Zergling x2  
  77  6:11  Roach  
  77  6:12  Overlord, Roach  
  81  6:23  Drone  
  81  6:24  Overlord  
  82  6:30  Queen  
  82  6:31  Roach  
  82  6:32  Overlord  
  86  6:33  Roach  
  86  6:34  Roach  
  86  6:56  Roach x4  
  86  6:57  Roach x3  
  86  6:58  Roach  
  100  7:01  Extractor  
  99  7:11  Drone x3  
  99  7:12  Roach  
  104  7:16  Roach  
  95  8:02  Zergling x10  
  95  8:06  Zergling x6  
  95  8:07  Zergling x4  
  95  8:12  Evolution Chamber  
  95  8:18  Extractor  
  95  8:19  Extractor  
  87  8:51  Drone  
  87  8:52  Drone x6  
  87  8:53  Drone  
  94  9:01  Spire  
Tags
 
Matchup
ZvZ
Player
ViBE
Race
Zerg
Replay Pack
Bronze_League
Spawn Locations
Cross Positions
Add a new tag
Caveats
  • Supply blocks, unpowered buildings, or Contaminate may cause inaccurate times.
  • Supply counts are checked every 10 seconds.